 Seeded DCSS version 0.29.1-2-gbd0b4ee654 (webtiles) character file.

Game seed: 8 (custom seed)

142 qeuew the Shooter (level 5, 0/46 HPs)
             Began as a Human Hunter on Nov 15, 2022.
             Slain by a gnoll
             ... wielding a +0 whip
              (3 damage)
             ... on level 2 of the Dungeon.
             The game lasted 00:02:04 (1440 turns).

qeuew the Shooter (Human Hunter)                    Turns: 1440, Time: 00:02:06

Health: 0/46       AC:  6    Str: 13 (14) XL:     5   Next: 50%
Magic:  5/5        EV: 13    Int:  9      God:
Gold:   81         SH:  0    Dex: 15 (16) Spells: 4/4 levels left

rFire   . . .      SeeInvis .   h - +0 hand axe
rCold   . . .      Faith    .   (no shield)
rNeg    . . .      Spirit   .   j - +0 ring mail
rPois   .          Reflect  .   (no helmet)
rElec   .          Harm     .   (no cloak)
rCorr   .          Rampage  .   (no gloves)
Will    .....                   (no boots)
Stlth   +.........              (no amulet)
HPRegen 0.15/turn               (no ring)
MPRegen 0.09/turn               (no ring)

@: no status effects
A: no striking features
a: no special abilities


You were on level 2 of the Dungeon.
You visited 1 branch of the dungeon, and saw 2 of its levels.

You collected 81 gold pieces.

Inventory:

Hand Weapons
 a - a +0 shortbow
 h - a +0 hand axe (weapon)
Armour
 j - a +0 ring mail (worn)
Scrolls
 d - a scroll of summoning {unknown}
 e - a scroll of fear {unknown}
Potions
 c - 2 potions of curing {unknown}


   Skills:
 + Level 5.6 Fighting
 + Level 5.0 Axes
 + Level 6.7 Ranged Weapons
 + Level 5.2 Armour
 + Level 5.7 Dodging
 - Level 1.7 Stealth


You had 4 spell levels left.
You didn't know any spells.
Your spell library was empty.

Dungeon Overview and Level Annotations

Branches:
Dungeon (2/15)

Altars:
Uskayaw


Message History

h - a +0 hand axe (weapon)
The gnoll barely misses you. The gnoll completely misses you.
You hit the gnoll.
The gnoll is lightly wounded.
You barely miss the gnoll. The gnoll hits you with a +0 whip.
The gnoll closely misses you.
You hit the gnoll but do no damage.
The gnoll is lightly wounded.
You hit the gnoll. The gnoll barely misses you.
The gnoll hits you with a +0 flail!
You barely miss the gnoll.
The gnoll is lightly wounded.
You barely miss the gnoll. The gnoll barely misses you.
You barely miss the gnoll.
The gnoll is moderately wounded.
You hit the gnoll. The gnoll hits you with a +0 whip.
The gnoll hits you with a +0 flail.
* * * LOW HITPOINT WARNING * * *
Okay, then.
It was a potion of experience.
You feel more experienced!
Your Fighting skill gained 3 levels and is now at level 5!
Your Axes skill gained 4 levels and is now at level 5!
Your Ranged Weapons skill gained 2 levels and is now at level 6!
Your Armour skill gained 4 levels and is now at level 5!
Your Dodging skill gained 3 levels and is now at level 5!
You have reached level 5!
The gnoll misses you.
Okay, then.
You hit the gnoll but do no damage. You hit the gnoll.
You hit the gnoll but do no damage. The gnoll misses you. x2
The gnoll barely misses you.
Unknown command.
You slash the gnoll!
The gnoll is severely wounded.
You hit the gnoll but do no damage. You hit the gnoll.
The gnoll hits you with a +0 whip.
* * * LOW HITPOINT WARNING * * *
The gnoll closely misses you. The gnoll hits you with a +0 whip.
You die...

....
.......................
...#
#....##.###......##.#.#
....
..........#########.#.#
.... #.##.##.#.# #.#.#
.... ..........# #.#.#
.... ..##.##.### #....
... # #......# ###.#
### #.#####..# #.#
#....g@..##### #..
...####gg...... ...
#......)..##### #..
#...###...# ### ##.. #.
....# #.. #... ......
#...####.#. # ..#.###
#...#....#. #. ....#
#.......... .##.#.#
#...#.####.


You could see 3 gnolls.

Vanquished Creatures
  A gnoll (D:2)
  An adder (D:2)
  A worm (D:2)
  A dart slug (D:2)
  6 ball pythons
  4 endoplasms
  2 giant cockroaches (D:2)
  7 hobgoblins
  6 kobolds
  5 bats
  6 frilled lizards
  5 goblins
  3 rats (D:1)
48 creatures vanquished.

Notes
Turn   | Place    | Note
-------+----------+-------------------------------------------
     0 | D:1      | qeuew the Human Hunter began the quest for the Orb.
     0 | D:1      | Reached XP level 1. HP: 16/16 MP: 1/1
    71 | D:1      | Reached XP level 2. HP: 22/22 MP: 2/2
   255 | D:1      | Reached XP level 3. HP: 27/27 MP: 3/3
   496 | D:2      | Reached skill level 1 in Armour
   520 | D:2      | Identified the +3 leather armour of Lasuaroa {rC+ Stlth+}
  1028 | D:2      | Found a hide-covered altar of Uskayaw.
  1194 | D:2      | Reached XP level 4. HP: 29/34 MP: 4/4
  1252 | D:2      | Found a faded altar of an unknown god.
  1432 | D:2      | Reached skill level 1 in Axes
  1438 | D:2      | Reached skill level 5 in Fighting
  1438 | D:2      | Reached skill level 5 in Axes
  1438 | D:2      | Reached skill level 6 in Ranged Weapons
  1438 | D:2      | Reached skill level 5 in Armour
  1438 | D:2      | Reached skill level 5 in Dodging
  1438 | D:2      | Reached XP level 5. HP: 6/46 MP: 5/5
  1440 | D:2      | Slain by a gnoll

Illustrated notes

Levels and vault maps discovered:
D:1:      minmay_arrival_diagonal_passages, layout_rooms, nrook_mini_backslash
D:2:      layout_basic, basic_altar, shapermc_ecumenical_altar_venn

Skill      XL: |  1  2  3  4 |
---------------+-------------+-----
Armour         | 1 5 |  5.2
Axes           | 5 |  5.0
Fighting       | 5 |  5.6
Ranged Weapons | 6 |  6.7
Dodging        | 5 |  5.7
Stealth        | |  1.7

Action                   |  1- 3 |  4- 6 || total
-------------------------+-------+-------++-------
Melee: Hand axe          |     5 |     6 ||    11
 Fire: Shortbow          |   123 |    13 ||   136
  Use: Potion            |     4 |     1 ||     5
       Scroll            |     2 |       ||     2
Armor: Leather armour    |     8 |       ||     8
       Ring mail         |     8 |     1 ||     9
Dodge: Dodged            |    33 |    13 ||    46
